 Dungeon Crawl Stone Soup version 0.30-a0-474-g5673dd7ce6 (webtiles) character file.

Game seed: 6030622471615028601

20 M4edhros the Charlatan (level 2, 0/18 HPs)
             Began as an Octopode Artificer on Dec 20, 2022.
             Succumbed to an adder's poison
             ... on level 2 of the Dungeon.
             The game lasted 00:01:00 (32 turns).

M4edhros the Charlatan (Octopode Artificer)           Turns: 32, Time: 00:01:00

Health: 0/18       AC:  1    Str: 11    XL:     2   Next: 79%
Magic:  2/2        EV: 13    Int: 13    God:
Gold:   0          SH:  0    Dex: 12    Spells: 1/1 levels left

rFire   . . .      SeeInvis .    (no weapon)
rCold   . . .      Faith    .    (no shield)
rNeg    . . .      Spirit   .    (helmet restricted)
rPois   .          Reflect  .    (no amulet)
rElec   .          Harm     .    (no ring)
rCorr   .          Rampage  .    (no ring)
Will    .....                    (no ring)
Stlth   +++.......               (no ring)
HPRegen 0.23/turn                (no ring)
MPRegen 0.08/turn                (no ring)
                                 (no ring)
                                 (no ring)

@: lethally poisoned (0 -> -1)
A: almost no armour, amphibious, 8 rings, camouflage 1, gelatinous body 1,
(nimble swimmer 1), tentacles
a: no special abilities


You were on level 2 of the Dungeon.
You visited 1 branch of the dungeon, and saw 2 of its levels.

Inventory:

Wands
 b - a wand of flame (11) (quivered)
 c - a wand of charming (13)
 d - a wand of iceblast (4)


   Skills:
 - Level 1.0 Fighting
 * Level 3.0 Dodging
 + Level 2.2 Stealth
 + Level 3.5 Evocations


You had one spell level left.
You didn't know any spells.
Your spell library was empty.

Dungeon Overview and Level Annotations

Branches:
Dungeon (2/15)

Altars:

Annotations:
D:2 Natasha


Innate Abilities, Weirdness & Mutations

You cannot wear most types of armour.
You are amphibious.
You can wear up to eight rings at the same time.
Your skin changes colour to match your surroundings (Stealth+).
Your rubbery body absorbs attacks. (AC +1, EV +1)
((You are camouflaged when in or above water. (Stealth+)))
You have tentacles for arms and can constrict up to eight enemies at once.


Message History

You are poisoned.
The adder poisons you! The ball python misses you.
The ball python closely misses you. The quokka barely misses you.
Unknown command.
You aren't carrying any potions.
Unknown command.
Aiming: Throw Flame
Press: ? - help, Shift-Dir - straight line, f/p - adder
Aim: an adder (severely wounded, ally target, 53% to hit)
The puff of flame hits the adder.
You kill the adder!
You feel sick. The ball python closely misses you. x2
The quokka closely misses you. The ball python barely misses you.
The ball python closely misses you.
Your Dodging skill increases to level 3!
Unknown command.
Aiming: Charm
Press: ? - help, Shift-Dir - straight line
Okay, then.
You aren't carrying any potions.
You aren't carrying any potions.
You aren't carrying any scrolls.
Unknown command.
Aiming: Charm
Press: ? - help, Shift-Dir - straight line, f - quokka
Aim: a quokka (chance to affect: 74%)
The ball python struggles to resist.
You feel sick. The ball python barely misses you.
The ball python closely misses you. The quokka bites you.
* * * LOW HITPOINT WARNING * * *
The ball python misses you. The ball python grabs you.
The ball python constricts you.
* * * LOW HITPOINT WARNING * * *
Natasha casts a spell.
Unknown command.
Unknown command.
You tentacle-slap the ball python. Your grab misses the ball python.
You squeeze the ball python.
You kill the ball python!
You die...

#......# .
#......##. ..
#......... ...
#......... ....
#.........
.....###.h.5.....
.......r†........
.......@S.w......
.......†.........
........###......
........# ......
........# .....
........# .....
........# ....
........# ....


You could see Natasha, a crimson imp (summoned), a quokka, a ball python (ally
target) and a friendly dart slug (charmed).

Vanquished Creatures
  2 adders (D:2)
  A ball python (D:2)
  A giant cockroach (D:2)
4 creatures vanquished.

Notes
Turn   | Place    | Note
-------+----------+-------------------------------------------
     0 | D:1      | M4edhros the Octopode Artificer began the quest for the
                  | Orb.
     0 | D:1      | Reached XP level 1. HP: 13/13 MP: 1/1
    19 | D:2      | Reached XP level 2. HP: 12/18 MP: 2/2
    27 | D:2      | Noticed Natasha
    32 | D:2      | Noticed a crimson imp
    32 | D:2      | Succumbed to an adder's poison

Illustrated notes

Levels and vault maps discovered:
D:1:      minmay_arrival_four_houses, layout_basic,
          dilly_ecumenical_altar_fadedgnrine, serial_shops,
          nicolae_lakefront_shop
D:2:      layout_basic, uniq_crazy_yiuf_cottage, uniq_natasha, uniq_robin

Skill      XL: |  1  2 |
---------------+-------+-----
Stealth        | 2 |  2.2
Dodging        | 3 |  3.0
Fighting       | |  1.0
Evocations     | |  3.5

Action                   || total
-------------------------++-------
Melee: Unarmed           ||     6
       Tentacles         ||     2
       Constrict         ||     1
Evoke: Wand              ||     7
  Use: Potion            ||     1
 Stab: Sleeping          ||     1
Armor: Skin              ||     1
Dodge: Dodged            ||    20

Table legend: (Time is in decaauts)
 A = Elapsed time spent in this place.
 B = Non-inter-level travel time spent in this place.
 C = Inter-level travel time spent in this place.
 D = Time resting spent in this place.
 E = Time spent auto-exploring this place.
 F = Levels seen in this place.
 G = Mean time per level.
                   A        B        C        D        E       F      G
               +--------+--------+--------+--------+--------+-----+--------+
         Total |     31 |     31 |      0 |      0 |      0 |   2 |   15.5 |
       Dungeon |     31 |     31 |      0 |      0 |      0 |   2 |   15.5 |
               +--------+--------+--------+--------+--------+-----+--------+

Top non-repeatable levels by time:
     D:2: 17 daAuts
     D:1: 14 daAuts
